 Dungeon Crawl Stone Soup version 0.31-a0-931-g7b59d4eb97 (webtiles) character file.

Game seed: 8470912435011639309

30 IdlyInterested the Trooper (level 3, 0/29 HPs)
             Began as a Demonspawn Fighter on Oct 19, 2023.
             Slain by a goblin
             ... wielding a +0 club
             ... led by Robin
              (4 damage)
             ... on level 1 of the Dungeon.
             The game lasted 00:03:52 (1042 turns).

IdlyInterested the Trooper (Demonspawn Fighter)     Turns: 1042, Time: 00:03:54

Health: 0/29       AC:  8    Str: 16    XL:     3   Next: 5%
Magic:  3/3        EV:  8    Int:  9    God:
Gold:   64         SH:  5    Dex: 14    Spells: 2/2 levels left

rFire   . . .        a - +0 rapier
rCold   . . .        c - +0 buckler
rNeg    . . .        b - +0 scale mail
rPois   .            (helmet restricted)
rElec   .            (no cloak)
rCorr   .            (no gloves)
SInv    .            (no boots)
Will    .....        e - amulet of magic regeneration Stlth
                     (no ring)
HPRegen 0.24/turn    (no ring)
MPRegen 0.48/turn

%: no passive effects
@: mighty
A: horns 1, thin metallic scales 1
a: no special abilities


You were on level 1 of the Dungeon.
You visited 1 branch of the dungeon, and saw 2 of its levels.

You collected 121 gold pieces.
You spent 57 gold pieces at shops.

Inventory:

Hand Weapons
 a - a +0 rapier (weapon)
Missiles
 m - 8 stones (quivered)
Armour
 b - a +0 scale mail (worn)
 c - a +0 buckler (worn)
Jewellery
 e - an amulet of magic regeneration (around neck)
Scrolls
 f - 2 scrolls of amnesia {unknown}
 g - a scroll of fear {unknown}
 h - a scroll of poison {unknown}
 j - a scroll of revelation {unknown}
Potions
 i - a potion of resistance {unknown}
 k - a potion of invisibility {unknown}
 l - a potion of brilliance {unknown}
 n - a potion of ambrosia {unknown}


   Skills:
 - Level 3.0 Fighting
 + Level 2.7 Short Blades
 - Level 3.0 Armour
 - Level 3.0 Shields


You had 2 spell levels left.
You didn't know any spells.
Your spell library contained the following spells:

 Spells                   Type           Power      Damage    Failure   Level
 Ignite Poison            Fire/Tmut/Pois 0%         N/A       99%         3
 Sticky Flame             Conj/Fire      0%         2d3       100%        4
 Ignition                 Fire           0%         3d3       100%        8


Dungeon Overview and Level Annotations

Branches:
Dungeon (2/15)

Altars:

Shops:
D:1 *

Annotations:
D:2 Robin


Innate Abilities, Weirdness & Mutations

You have a pair of small horns on your head.
You are partially covered in thin metallic scales. (AC +2)


Message History

Robin shouts!
The goblin shouts! x3; The hobgoblin shouts!
The goblin shouts! x5
The hobgoblin shouts!
The goblin hits you but does no damage. x2
You are poisoned.
A kobold comes into view. It is wielding a +0 club.
The hobgoblin hits you. x2
There is a stone staircase leading up, spattered with blood here.
You feel sick.
The kobold shouts!
The goblin closely misses you.
Robin roars a battlecry!
The goblins go into a battle-frenzy!
The hobgoblin closely misses you. The goblin hits you but does no damage.
The goblin hits you with a +2 dagger of venom.
The hobgoblin hits you but does no damage.
You climb upwards.
You feel sick.
There is a stone staircase leading down here.
You hit the goblin but do no damage.
You feel sick. The hobgoblin hits you. The goblin barely misses you.
The hobgoblin hits you but does no damage.
You block the goblin's attack. x2
You hit the goblin.
You kill the goblin!
You feel sick. You block the hobgoblin's attack. You block the goblin's attack.
The hobgoblin hits you. The goblin hits you but does no damage.
The hobgoblin hits you but does no damage. x2
The goblin hits you with a +0 dagger. The goblin hits you with a +0 club.
* * * LOW HITPOINT WARNING * * *
You feel very mighty all of a sudden.
You feel sick. You block the hobgoblin's attack.
The goblin hits you with a +0 dagger.
* * * LOW HITPOINT WARNING * * *
The goblin closely misses you. You block the hobgoblin's attack.
You puncture the hobgoblin!
You kill the hobgoblin!
You feel sick.
You are no longer poisoned.
The hobgoblin hits you but does no damage.
The goblin hits you with a +0 club.
You die...

.....#.# #.# ...#.#.# #.#
#....#.# #.# .....#.# #.#
#...##.# #.# ##.###.# #.#
#.# #.# ######### #)#
#.###.###.....gg# #.#
#.#.....#.....g@# #.#
##.............)†# #.#
....#####........# #.#
###.# #........# #.# ....#
#........#########.# ###.#
#..............)...#
#.#####.##################
#.......# #########


You could see a hobgoblin (strong) and 2 goblins.

Vanquished Creatures
  A bat (D:1)
  2 endoplasms (D:1)
  4 goblins (D:1)
  6 hobgoblins
  2 quokkas (D:1)
  5 ball pythons (D:1)
  2 frilled lizards (D:1)
  2 kobolds (D:1)
  5 rats (D:1)
29 creatures vanquished.

Notes
Turn   | Place    | Note
-------+----------+-------------------------------------------
     0 | D:1      | IdlyInterested the Demonspawn Fighter began the quest for
                  | the Orb.
     0 | D:1      | Reached XP level 1. HP: 18/18 MP: 1/1
   107 | D:1      | Found Pihelita's Assorted Antiques.
   150 | D:1      | Gained mutation: You are partially covered in thin metallic
                  | scales. (AC +2) [demonic ancestry]
   150 | D:1      | Reached XP level 2. HP: 21/24 MP: 2/2
   235 | D:1      | Bought a scroll labelled FON CY MY JUDD for 21 gold pieces
   235 | D:1      | Bought a murky golden potion for 18 gold pieces
   784 | D:1      | Bought a bubbling brown potion for 18 gold pieces
   872 | D:2      | Gained mutation: You have a pair of small horns on your
                  | head. [demonic ancestry]
   872 | D:2      | Reached XP level 3. HP: 29/29 MP: 3/3
  1036 | D:2      | Noticed Robin
  1042 | D:1      | Slain by a goblin

Illustrated notes

Levels and vault maps discovered:
D:1:      amcnicky_arrival_underground_garden, layout_loops_ring, serial_shops,
          shop, minmay_split_cup_small
D:2:      layout_loops_ring, serial_shops, shop, uniq_robin

Skill      XL: |  1  2 |
---------------+-------+-----
Shields        | 3 |  3.0
Armour         | 3 |  3.0
Short Blades   | 2 |  2.7
Fighting       | |  3.0

Action                     || total
---------------------------++-------
  Melee: Rapier            ||    78
    Use: Potion            ||     1
 Armour: Scale mail        ||    65
  Dodge: Dodged            ||    38
  Block: Buckler           ||    21

Table legend: (Time is in decaauts)
 A = Elapsed time spent in this place.
 B = Non-inter-level travel time spent in this place.
 C = Inter-level travel time spent in this place.
 D = Time resting spent in this place.
 E = Time spent auto-exploring this place.
 F = Levels seen in this place.
 G = Mean time per level.
                   A        B        C        D        E       F      G
               +--------+--------+--------+--------+--------+-----+--------+
         Total |   1053 |    758 |    295 |      0 |    496 |   2 |  526.5 |
       Dungeon |   1053 |    758 |    295 |      0 |    496 |   2 |  526.5 |
               +--------+--------+--------+--------+--------+-----+--------+

Top non-repeatable levels by time:
     D:1: 1041 daAuts
     D:2: 12 daAuts
